 Dungeon Crawl Stone Soup version 0.25.0-9-g26727b657a (webtiles) character file.

Game seed: 1262535212640668875

463 mopl the Stinger (level 7, -4/46 HPs)
             Began as a Merfolk Venom Mage on June 16, 2020.
             Was an Initiate of Gozag.
             Slain by a worker ant zombie (6 damage)
             ... on level 5 of the Dungeon.
             The game lasted 00:07:46 (3753 turns).

mopl the Stinger (Merfolk Venom Mage)               Turns: 3753, Time: 00:07:47

Health: -4/46      AC:  4    Str:  9    XL:     7   Next: 7%
Magic:  7/12       EV: 12    Int: 22    God:    Gozag
Gold:   354        SH:  0    Dex: 14    Spells: 4/13 levels left

rFire    + . .     SeeInvis .   e - +0 short sword
rCold    . . .     Gourm    .   (no shield)
rNeg     . . .     Faith    .   r - +0 leather armour {rF+}
rPois    .         Spirit   .   t - +0 helmet
rElec    .         Reflect  .   (no cloak)
rCorr    .         Harm     .   (no gloves)
MR       .....                  (no boots)
Stlth    ++........             (no amulet)
HPRegen  0.15/turn              o - +6 ring of intelligence
MPRegen  0.13/turn              (no ring)

@: very slightly contaminated
A: change form in water, swift swim, stealthy swim
a: Potion Petition, Call Merchant, Bribe Branch, Renounce Religion


You were on level 5 of the Dungeon.
You worshipped Gozag.
Gozag was aware of your devotion.
You were hungry.

You visited 1 branch of the dungeon, and saw 5 of its levels.
You also visited: Sewer.

You collected 354 gold pieces.

Inventory:

Hand Weapons
 e - a +0 short sword (weapon)
Armour
 r - a +0 leather armour of fire resistance (worn)
 t - a +0 helmet (worn)
Jewellery
 o - a +6 ring of intelligence (left hand)
Wands
 a - a wand of flame (19)
 s - a wand of clouds (5)
Scrolls
 g - a scroll of fear {unknown}
 h - a scroll of teleportation {unknown}
 i - a scroll of enchant armour {unknown}
 j - a scroll of remove curse
 m - a scroll of blinking {unknown}
 n - a scroll of immolation {unknown}
 q - a scroll of fog {unknown}
Potions
 b - a potion of invisibility {unknown}
 d - 2 potions of mutation {unknown}
 f - a potion of might
 k - 2 potions of brilliance {unknown}
 l - 2 potions of flight
 p - 4 potions of curing
 u - 2 potions of berserk rage {unknown}
Comestibles
 c - 7 rations


   Skills:
 - Level 2.6 Dodging
 - Level 2.1 Stealth
 * Level 3.5 Spellcasting
 + Level 1.7 Conjurations
 + Level 3.9 Transmutations
 + Level 0.9 Fire Magic
 + Level 1.8 Air Magic
 * Level 5.5 Poison Magic


You had 4 spell levels left.
You knew the following spells:

 Your Spells              Type           Power        Failure   Level  Hunger
a - Sting                 Tmut/Pois      ###.         2%          1    None
b - Poisonous Vapours     Pois/Air       ###...       5%          2    ##.....
d - Mephitic Cloud        Conj/Pois/Air  ###.....     14%         3    ###....
g - Ignite Poison         Fire/Tmut/Pois ###.....     12%         3    ###....

Your spell library contained the following spells:

 Spells                   Type           Power        Failure   Level  Hunger
 Olgreb's Toxic Radiance  Pois           ####....     17%         4    ####...


Dungeon Overview and Level Annotations

Branches:
Dungeon (5/15)             Temple (0/1) D:4           Sewer (visited)

Altars:
Gozag
Qazlal


Message History

The worker ant zombie closely misses you.
You barely miss the worker ant zombie.
The worker ant zombie is severely damaged.
The worker ant zombie bites you.
* * * LOW HITPOINT WARNING * * *
You hit the worker ant zombie.
The worker ant zombie is severely damaged.
The worker ant zombie bites you but does no damage.
Casting: Sting (safe; 2% risk of failure)
Confirm with . or Enter, or press ? or * to list all spells.
Aiming: Sting (safe; 2% risk of failure)
Press: ? - help, Shift-Dir - straight line, f - worker ant zombie
Aim: a worker ant zombie (severely damaged)
You miscast Sting.
You are very lightly contaminated with residual magic.
Nothing appears to happen.
The worker ant zombie waves its antennae.
The worker ant zombie bites you.
You die...
Your body crumbles into a pile of gold.

..........### .#
.........###...#
.............###
........###### $ ........##
#### .........### ...
...........####### ######.#
........#.$.$....###.<....#
........#......Z@........##
###.#############.#....).#
.... #..#.....# ...Z.
##......## ..#... ##.....#
.....a ##....# #...## ###..
###


You could see a worker ant zombie.

Vanquished Creatures
  An ogre (D:4)
  A big kobold (Sewer)
  2 hounds
  An iguana (D:4)
  2 worker ants
  A worker ant zombie (D:5)
  A gnoll (D:1)
  3 adders
  A river rat (Sewer)
  A shadow imp (D:3)
  An ooze (D:3)
  2 worms
  2 dart slugs
  3 leopard geckos
  5 orcs
  3 ball pythons
  A giant cockroach (D:3)
  5 goblins
  10 hobgoblins
  19 jackals
  A quokka (D:5)
  6 bats
  7 frilled lizards
  9 kobolds
  7 rats
95 creatures vanquished.

Notes
Turn   | Place    | Note
-------+----------+-------------------------------------------
     0 | D:1      | mopl the Merfolk Venom Mage began the quest for the Orb.
     0 | D:1      | Reached XP level 1. HP: 13/13 MP: 3/3
    87 | D:1      | Reached XP level 2. HP: 16/19 MP: 0/5
    96 | D:1      | Learned a level 2 spell: Poisonous Vapours
   422 | D:1      | Reached XP level 3. HP: 21/24 MP: 4/6
   427 | D:1      | Learned a level 3 spell: Mephitic Cloud
   592 | D:1      | Reached skill level 4 in Poison Magic
   889 | D:2      | Found a stormy altar of Qazlal.
  1390 | D:2      | Reached XP level 4. HP: 30/30 MP: 7/7
  1540 | D:3      | Found a glowing drain.
  1556 | Sewer    | Entered a sewer
  1753 | Sewer    | Noticed a big kobold
  1965 | Sewer    | Reached skill level 1 in Air Magic
  1982 | Sewer    | Killed a big kobold
  1982 | Sewer    | Reached skill level 1 in Conjurations
  1982 | Sewer    | Reached XP level 5. HP: 32/35 MP: 1/9
  2025 | Sewer    | Found a white marble altar of Elyvilon.
  2115 | D:3      | Learned a level 3 spell: Ignite Poison
  2141 | D:3      | Found a faded altar of an unknown god.
  2165 | D:3      | Became a worshipper of Gozag Ym Sagoz the Greedy
  2653 | D:3      | Reached skill level 5 in Poison Magic
  2653 | D:3      | Reached XP level 6. HP: 37/41 MP: 5/10
  3604 | D:4      | Found a staircase to the Ecumenical Temple.
  3647 | D:5      | Entered Level 5 of the Dungeon
  3723 | D:5      | Reached XP level 7. HP: 35/46 MP: 7/12
  3748 | D:5      | HP: 1/46 [worker ant zombie (5)]
  3753 | D:5      | Slain by a worker ant zombie

Illustrated notes

Levels and vault maps discovered:
D:1:      mainiacjoe_arrival_reflecting_pool, layout_loops_cross
D:2:      layout_loops_cross, grunt_qazlal_clouds
D:3:      layout_basic, first_ration, chequers_ecumenical_altar_island,
          portal_sewer_entry_d
D:4:      layout_loops_ring, minmay_temple_entry_poolview, minmay_misc_feat_five
D:5:      layout_rooms, enter_ossuary_1, uniq_menkaure, uniq_grinder,
          uniq_crazy_yiuf_cottage, uniq_eustachio

Skill      XL: |  1  2  3  4  5  6 |
---------------+-------------------+-----
Transmutations | 2 3 |  3.9
Poison Magic   | 4 5 |  5.5
Air Magic      | 1 |  1.8
Conjurations   | 1 |  1.7
Spellcasting   | 3 |  3.5
Dodging        | |  2.6
Stealth        | |  2.1
Fire Magic     | |  0.9

Action                   |  1- 3 |  4- 6 |  7- 9 || total
-------------------------+-------+-------+-------++-------
Melee: Short sword       |    89 |   171 |    19 ||   279
       Tailslap          |       |     2 |       ||     2
 Cast: Sting             |    27 |    51 |     3 ||    81
       Poisonous Vapours |     1 |    10 |       ||    11
       Mephitic Cloud    |       |     2 |       ||     2
       Ignite Poison     |       |     1 |       ||     1
Evoke: Wand              |       |     1 |       ||     1
  Use: Scroll            |       |     4 |       ||     4
 Stab: Sleeping          |     6 |     2 |       ||     8
       Distracted        |     1 |       |       ||     1
  Eat: Chunk             |     2 |     4 |       ||     6
       Ration            |       |     1 |       ||     1
Armor: Robe              |    19 |    46 |       ||    65
       Leather armour    |       |    18 |     7 ||    25
Dodge: Dodged            |    76 |   161 |    10 ||   247
